 Dungeon Crawl Stone Soup version 0.28.0-53-g5a82cb258f (webtiles) character file.

Game seed: 4104674174111956320

300 Woods the Insei (level 6, -3/47 HPs)
             Began as a Gnoll Transmuter on June 9, 2022.
             Killed by divine providence
             ... invoked by an orc priest
              (13 damage)
             ... on level 4 of the Dungeon.
             The game lasted 00:05:35 (3198 turns).

Woods the Insei (Gnoll Transmuter)                  Turns: 3198, Time: 00:05:36

Health: -3/47      AC:  2    Str: 10    XL:     6   Next: 36%
Magic:  10/14      EV: 22    Int: 14    God:
Gold:   154        SH:  0    Dex: 17    Spells: 9/15 levels left

rFire   . . .      SeeInvis .     - Unarmed
rCold   . . .      Faith    .   (shield currently unavailable)
rNeg    . . .      Spirit   .   (armour currently unavailable)
rPois   x          Reflect  .   (helmet currently unavailable)
rElec   .          Harm     .   (cloak currently unavailable)
rCorr   .          Rampage  .   (gloves currently unavailable)
Will    .....                   (boots currently unavailable)
Stlth   ++........              (no amulet)
HPRegen 0.15/turn               (no ring)
MPRegen 0.14/turn               (no ring)

@: spider-form
A: venomous fangs, tiny, (fangs 1), strong nose, distributed training
a: End Transformation


You were on level 4 of the Dungeon.
You were a venomous arachnid creature.
You visited 1 branch of the dungeon, and saw 4 of its levels.

You collected 154 gold pieces.

Inventory:

Armour
 a - a +0 robe (melded)
 c - a +0 pair of boots (melded)
Jewellery
 m - a ring of poison resistance
Scrolls
 b - a scroll of summoning {unknown}
 f - 2 scrolls of immolation {unknown}
 g - 3 scrolls of identify {unknown}
 h - 2 scrolls of holy word {unknown}
 k - a scroll of brand weapon {unknown}
Potions
 d - a potion of flight {unknown}
 e - 2 potions of degeneration {unknown}
 i - 2 potions of lignification {unknown}
 j - a potion of attraction {unknown}
 l - a potion of invisibility {unknown}
 n - 2 potions of might {unknown}


   Skills:
 + Level 3.2 Fighting
 + Level 1.9 Short Blades
 + Level 1.9 Long Blades
 + Level 1.9 Axes
 + Level 1.9 Maces & Flails
 + Level 1.9 Polearms
 + Level 1.9 Staves
 + Level 1.9 Slings
 + Level 1.9 Bows
 + Level 1.9 Crossbows
 + Level 1.9 Throwing
 + Level 1.9 Armour
 + Level 5.0 Dodging
 + Level 1.9 Stealth
 + Level 1.9 Shields
 + Level 6.8 Unarmed Combat
 + Level 5.3 Spellcasting
 + Level 1.5 Conjurations
 + Level 1.5 Hexes
 + Level 1.5 Summonings
 + Level 1.5 Necromancy
 + Level 1.5 Translocations
 + Level 4.1 Transmutations
 + Level 1.5 Fire Magic
 + Level 1.5 Ice Magic
 + Level 1.5 Air Magic
 + Level 1.5 Earth Magic
 + Level 1.5 Poison Magic
 + Level 2.1 Invocations
 + Level 1.9 Evocations


You had 9 spell levels left.
You knew the following spells:

 Your Spells              Type           Power      Damage    Failure   Level
a - Beastly Appendage     Tmut           30%        N/A       11%         1
b - Wereblood             Tmut           15%        N/A       14%         2
c - Spider Form           Tmut/Pois      11%        N/A       34%         3

Your spell library contained the following spells:

 Spells                   Type           Power      Damage    Failure   Level
 Gell's Gravitas          Tloc           8%         N/A       47%         3
 Teleport Other           Tloc           8%         N/A       47%         3
 Ice Form                 Ice/Tmut       11%        N/A       69%         4
 Dispersal                Tloc           4%         N/A       100%        6


Dungeon Overview and Level Annotations

Branches:
Dungeon (4/15)
 Temple: D:4-7

Altars:
Makhleb

Shops:
D:2 (


Innate Abilities, Weirdness & Mutations

You are a venomous arachnid creature.
You have poisonous fangs.
You are tiny and dextrous.
Your spellcasting is less reliable in this form.
Your armour is entirely melded.
You are incapable of wielding weapons or throwing items.
((You have very sharp teeth.))
Your uncanny sense of smell can sniff out nearby items.
Your experience applies equally to all skills.


Message History

Your Dodging skill increases to level 5!
The orc wizard shouts!
You hit the orc.
The orc is poisoned.
The orc is severely wounded.
You kill the orc!
You closely miss the orc wizard.
The orc wizard hits you with a +0 dagger.
You bite the orc wizard!
The orc wizard is poisoned.
The orc wizard is heavily wounded.
The orc priest misses you. The orc wizard completely misses you.
Things that are here:
a +0 flail; a scroll labelled QETTOCR VIXKA; a hobgoblin corpse You hit the orc priest but do no damage.
The orc priest completely misses you.
You hit the orc priest but do no damage.
Your transformation has ended.
Your +0 pair of boots unmelds from your body.
Your +0 robe unmelds from your body.
The orc wizard hits you with a +0 dagger.
The orc priest misses you.
You punch the orc priest!
The orc priest is severely wounded.
The orc wizard gestures at you while chanting.
The puff of flame hits you! The orc priest hits you with a +0 club.
* * * LOW HITPOINT WARNING * * *
Unknown command.
Casting: Spider Form (dangerous; 16% risk of failure)
Confirm with . or Enter, or press ? or * to list all spells.
You turn into a venomous arachnid creature.
Your +0 pair of boots melds into your body.
Your +0 robe melds into your body.
The orc wizard hits you with a +0 dagger.
* * * LOW HITPOINT WARNING * * *
The orc priest barely misses you.
You hit the orc priest.
The orc priest is poisoned.
The orc priest is almost dead.
The orc wizard misses you.
The orc priest calls down the wrath of Beogh upon you.
Beogh smites you!
You die...

....... ....... ......
..... #...### ##...$.##
#...o...## ∆
#......#####s...# #
....#.......#...o...#.#
#...#...<...........#.#
##........#.#.........#
#...........#.........#
...........<##..#..#.##
...............##.##.#
..........#....##.# .
..............#...# #


You could see an orc priest (very poisoned) and an orc wizard (very poisoned).

Vanquished Creatures
  A black bear (D:4)
  A jelly (D:4)
  An orc priest (D:3)
  2 orc wizards
  A hound skeleton (D:4)
  An adder (D:2)
  5 dart slugs
  10 orcs
  5 endoplasms
  2 giant cockroaches (D:1)
  6 hobgoblins
  2 jackals (D:3)
  5 ball pythons
  3 bats (D:1)
  2 frilled lizards (D:1)
  5 goblins
  6 kobolds
  7 rats
65 creatures vanquished.

Notes
Turn   | Place    | Note
-------+----------+-------------------------------------------
     0 | D:1      | Woods the Gnoll Transmuter began the quest for the Orb.
     0 | D:1      | Reached XP level 1. HP: 17/17 MP: 6/6
    14 | D:1      | Found a faded altar of an unknown god.
   253 | D:1      | Reached XP level 2. HP: 23/23 MP: 5/7
   924 | D:1      | Reached skill level 5 in Spellcasting
   924 | D:1      | Reached XP level 3. HP: 28/28 MP: 6/9
  1323 | D:2      | Found Tiotteu's Weapon Emporium.
  1440 | D:2      | Reached skill level 1 in Invocations
  1741 | D:3      | Reached skill level 1 in Short Blades
  1741 | D:3      | Reached skill level 1 in Long Blades
  1741 | D:3      | Reached skill level 1 in Axes
  1741 | D:3      | Reached skill level 1 in Maces & Flails
  1741 | D:3      | Reached skill level 1 in Polearms
  1741 | D:3      | Reached skill level 1 in Staves
  1741 | D:3      | Reached skill level 1 in Slings
  1741 | D:3      | Reached skill level 1 in Bows
  1741 | D:3      | Reached skill level 1 in Crossbows
  1741 | D:3      | Reached skill level 1 in Throwing
  1741 | D:3      | Reached skill level 1 in Armour
  1741 | D:3      | Reached skill level 1 in Stealth
  1741 | D:3      | Reached skill level 1 in Shields
  1741 | D:3      | Reached skill level 1 in Evocations
  1814 | D:2      | Learned a level 2 spell: Wereblood
  1818 | D:2      | Learned a level 3 spell: Spider Form
  1870 | D:3      | Reached XP level 4. HP: 15/34 MP: 2/11
  2125 | D:3      | Reached skill level 1 in Conjurations
  2125 | D:3      | Reached skill level 1 in Hexes
  2125 | D:3      | Reached skill level 1 in Summonings
  2125 | D:3      | Reached skill level 1 in Necromancy
  2125 | D:3      | Reached skill level 1 in Translocations
  2125 | D:3      | Reached skill level 1 in Fire Magic
  2125 | D:3      | Reached skill level 1 in Ice Magic
  2125 | D:3      | Reached skill level 1 in Air Magic
  2125 | D:3      | Reached skill level 1 in Earth Magic
  2125 | D:3      | Reached skill level 1 in Poison Magic
  2259 | D:3      | Found a burning altar of Makhleb.
  2318 | D:3      | Reached XP level 5. HP: 36/40 MP: 10/12
  3172 | D:4      | Noticed a black bear
  3180 | D:4      | Killed a black bear
  3181 | D:4      | Reached XP level 6. HP: 40/47 MP: 11/14
  3190 | D:4      | Reached skill level 5 in Dodging
  3198 | D:4      | Killed from afar by an orc priest

Illustrated notes

Levels and vault maps discovered:
D:1:      matt_arrival_grand_opening, layout_basic,
          hellmonk_ecumenical_altar_arch_garden
D:2:      layout_rooms, serial_shops, nicolae_shop_behind_doors,
          grunt_decor_one_mirror
D:3:      layout_basic, mainiacjoe_overflow_alcove_2
D:4:      layout_cave_pools, minmay_temple_entry_fiery, serial_co_window_serial,
          co_window_paths_a, co_window_of_opportunity_a, co_window_corner_a,
          co_window_of_opportunity_a, co_window_corner_a, co_window_cross_1,
          co_window_corner_a, co_window_2corner, co_window_broadway_c,
          co_window_2corner, co_window_corner_cb, co_window_broadway_a

Skill      XL: |  1  2  3  4  5  6 |
---------------+-------------------+-----
Spellcasting   | 5 |  5.3
Invocations    | 1 2 |  2.1
Short Blades   | 1 |  1.9
Long Blades    | 1 |  1.9
Axes           | 1 |  1.9
Maces & Flails | 1 |  1.9
Polearms       | 1 |  1.9
Staves         | 1 |  1.9
Slings         | 1 |  1.9
Bows           | 1 |  1.9
Crossbows      | 1 |  1.9
Throwing       | 1 |  1.9
Armour         | 1 |  1.9
Stealth        | 1 |  1.9
Shields        | 1 |  1.9
Evocations     | 1 |  1.9
Conjurations   | 1 |  1.5
Hexes          | 1 |  1.5
Summonings     | 1 |  1.5
Necromancy     | 1 |  1.5
Translocations | 1 |  1.5
Fire Magic     | 1 |  1.5
Ice Magic      | 1 |  1.5
Air Magic      | 1 |  1.5
Earth Magic    | 1 |  1.5
Poison Magic   | 1 |  1.5
Fighting       | 3 |  3.2
Transmutations | 4 |  4.1
Dodging        | 5 |  5.0
Unarmed Combat | |  6.8

Action                   |  1- 3 |  4- 6 || total
-------------------------+-------+-------++-------
Melee: Unarmed           |    82 |    80 ||   162
       Punch             |     1 |     1 ||     2
       Kick              |     8 |     3 ||    11
       Headbutt          |     5 |     1 ||     6
       Bite              |     2 |     4 ||     6
 Cast: Beastly Appendage |    23 |    10 ||    33
       Spider Form       |     3 |     6 ||     9
       Wereblood         |       |     1 ||     1
 Abil: End Transformatio |       |     1 ||     1
 Stab: Sleeping          |     2 |     2 ||     4
Armor: Robe              |     8 |     4 ||    12
       Skin              |       |     2 ||     2
Dodge: Dodged            |    58 |    54 ||   112
